 Dungeon Crawl Stone Soup version 0.29.0-7-g18a832c13a (webtiles) character file.

Game seed: 17567424995129362625

58 Brecoman the Cudgeller (level 4, -1/40 HPs)
             Began as a Meteoran Cinder Acolyte on Sept 1, 2022.
             Was a High Priest of Ignis.
             Slain by Sigmund
             ... wielding a +0 scythe
              (9 damage)
             ... on level 3 of the Dungeon.
             The game lasted 00:08:58 (1054 turns).

Brecoman the Cudgeller (Meteoran Cinder Acolyte)    Turns: 1054, Time: 00:08:58

Health: -1/40      AC:  4    Str: 17    XL:     4   Next: 43%
Magic:  7/7        EV: 11    Int: 16    God:    Ignis [*****.]
Gold:   72         SH:  0    Dex:  9    Spells: 6/6 levels left

rFire   + . .      SeeInvis .   a - -1 mace (flame)
rCold   . . .      Faith    .   (no shield)
rNeg    . . .      Spirit   .   b - +0 robe
rPois   .          Reflect  .   (no helmet)
rElec   .          Harm     .   (no cloak)
rCorr   .          Rampage  .   m - +0 pair of gloves
Will    .....                   l - +0 pair of boots
Stlth   +.........              (no amulet)
HPRegen 0.13/turn               (no ring)
MPRegen 0.10/turn               (no ring)

@: glowing
A: sense surroundings 1, otherworldly, glowing, explore regen
a: Renounce Religion, Fiery Armour, Foxfire Swarm, Rising Flame


You were on level 3 of the Dungeon.
You worshipped Ignis.
Ignis was extremely pleased with you.
You visited 1 branch of the dungeon, and saw 3 of its levels.

You collected 72 gold pieces.

Inventory:

Hand Weapons
 a - a -1 mace of flaming (weapon)
Missiles
 d - 28 stones (quivered)
Armour
 b - a +0 robe (worn)
 l - a +0 pair of boots (worn)
 m - a +0 pair of gloves (worn)
Wands
 n - a wand of polymorph (5)
Scrolls
 c - 2 scrolls of amnesia {unknown}
 h - a scroll of teleportation {unknown}
 i - a scroll of fear {unknown}
 k - 4 scrolls of identify {unknown}
 o - a scroll of magic mapping {unknown}
Potions
 e - a potion of heal wounds {unknown}
 f - a potion of ambrosia {unknown}
 g - a potion of degeneration {unknown}
 j - 3 potions of might {unknown}


   Skills:
 + Level 3.9 Fighting
 + Level 5.1 Maces & Flails
 + Level 0.2 Armour
 + Level 1.0 Dodging
 + Level 1.5 Spellcasting
 - Level 4.0 Fire Magic


You had 6 spell levels left.
You didn't know any spells.
Your spell library contained the following spells:

 Spells                   Type           Power      Damage    Failure   Level
 Scorch                   Fire           28%        2d6       6%          2


Dungeon Overview and Level Annotations

Branches:
Dungeon (3/15) Zot: 726

Altars:

Annotations:
D:3 Sigmund


Innate Abilities, Weirdness & Mutations

You passively map a small area around you.
You are easily found by Zot.
You glow in the dark.
You regain HP and MP as you explore.


Message History

Okay, then.
Unknown command.
Unknown command.
Sigmund screams, "Don't try to resist!"
Sigmund casts a spell at you. The puff of flame misses you.
You hit Sigmund. You burn Sigmund.
Sigmund is lightly wounded.
Sigmund barely misses you.
You closely miss Sigmund.
Sigmund is lightly wounded.
Sigmund completely misses you.
You hit Sigmund. You burn Sigmund.
Sigmund is moderately wounded.
Sigmund mumbles some strange words.
Sigmund flickers and vanishes!
Deactivating autopickup; reactivate with Ctrl-A.
You miss something. Something hits you!
You barely miss something. You hit something. You burn something.
Something hits you.
You barely miss something. You closely miss something.
Something hits you but does no damage.
You barely miss something. Something hits you but does no damage.
You miss something.
You hear some strange, mumbled words.
A puff of flame appears from out of thin air!
The puff of flame hits you. You resist.
You miss something. Something hits you.
You barely miss something. You hit something but do no damage.
Something hits you!
* * * LOW HITPOINT WARNING * * *
You miss something. Something hits you.
* * * LOW HITPOINT WARNING * * *
You closely miss something. Something hits you.
* * * LOW HITPOINT WARNING * * *
Okay, then.
Activating: Foxfire Swarm
Press: ? - help, Dir - look around, f - activate Flames leap up around you!
Something hits you!
You die...

* ############
*
#.#..........#
#.#.########.#
* #.#.# , #.#
,* #.#.# *,#†#
, #.#.# ,# #.#
,* #v#.###.#
#.# * *
##{#v....#
,#.# , ,,
#v@vv.#####
#.#


#vvvv.# #.#.##### * #vvvv.# #........ , +...>.........##### * *#....##########*
#..... , ,, * ** #....## * ,* , , ...#.# , ###.#.# * * * There were no monsters
in sight!

Vanquished Creatures
  2 adders (D:2)
  2 worms (D:2)
  2 dart slugs
  A bat (D:2)
  3 endoplasms
  A giant cockroach (D:1)
  3 goblins (D:2)
  2 hobgoblins
  3 kobolds
  2 quokkas (D:2)
  2 ball pythons (D:2)
  3 frilled lizards
  4 rats
30 creatures vanquished.

Vanquished Creatures (others)
  14 foxfires (D:2)
14 creatures vanquished.

Grand Total: 44 creatures vanquished

Notes
Turn   | Place    | Note
-------+----------+-------------------------------------------
     0 | D:1      | Brecoman the Meteoran Cinder Acolyte began the quest for
                  | the Orb.
     0 | D:1      | Reached XP level 1. HP: 19/19 MP: 3/3
   241 | D:1      | Reached XP level 2. HP: 26/26 MP: 5/5
   495 | D:1      | Glimpsed the power of Zot.
   535 | D:2      | Reached XP level 3. HP: 10/31 MP: 6/6
   673 | D:2      | Reached skill level 5 in Maces & Flails
   673 | D:2      | Reached XP level 4. HP: 29/40 MP: 7/7
   915 | D:2      | Reached skill level 1 in Dodging
  1036 | D:3      | Noticed Sigmund
  1054 | D:3      | Slain by Sigmund

Illustrated notes

Levels and vault maps discovered:
D:1:      nagdon_arrival_double_spiral, layout_basic
D:2:      layout_basic
D:3:      layout_basic, nemelex_xobeh_ov_fountains_minmay,
          guppyfry_early_lair_pool, uniq_sigmund, uniq_jessica, uniq_ijyb

Skill      XL: |  1  2  3  4 |
---------------+-------------+-----
Fire Magic     | 4 |  4.0
Maces & Flails | 5 |  5.1
Dodging        | 1 |  1.0
Fighting       | |  3.9
Armour         | |  0.2
Spellcasting   | |  1.5

Action                   |  1- 3 |  4- 6 || total
-------------------------+-------+-------++-------
Melee: Mace              |    63 |    45 ||   108
Invok: Foxfire Swarm     |     1 |     1 ||     2
Armor: Robe              |    17 |    15 ||    32
Dodge: Dodged            |    25 |    19 ||    44
